[Event "January 9 Late 2024"]
[Site "https://www.chess.com"]
[Date "2024.01.09"]
[Round "3"]
[White "Ardila, Oscar Humberto"]
[Black "Wu, Derek"]
[Result "1-0"]
[Board "190"]
[TimeControl "180+1"]
[WhiteFideId "4404742"]
[BlackFideId "30914558"]
[WhiteElo "2294"]
[BlackElo "2675"]
[WhiteTeam "COL"]
[BlackTeam "USA"]
[WhiteClock "0:01:38"]
[BlackClock "0:01:45"]

1. d4 d5 2. c4 e6 3. Nc3 Nf6 4. Bg5 Be7 5. e3 O-O 6. Qc2 h6 7. Bh4 b6 8. cxd5 Nxd5 9. Bxe7 Qxe7 10. Nxd5 exd5 11. Nf3 Be6 12. Rc1 Rc8 13. Bd3 c5 14. Qd2 Nc6 15. Bb1 cxd4 16. O-O dxe3 17. Qxe3 Qf6 18. Qd3 g6 19. Qd2 Kg7 20. Rfe1 Na5 21. b3 Nb7 22. Qd4 Qxd4 23. Nxd4 Rxc1 24. Rxc1 Rc8 25. Nxe6+ fxe6 26. Rxc8 1-0

[Event "January 9 Late 2024"]
[Site "https://www.chess.com"]
[Date "2024.01.09"]
[Round "3"]
[White "Slavin, Alexey"]
[Black "Munoz, Francisco Javier"]
[Result "0-1"]
[Board "191"]
[TimeControl "180+1"]
[WhiteFideId "24104388"]
[BlackFideId "128368"]
[WhiteElo "2289"]
[BlackElo "2649"]
[WhiteTeam "RUS"]
[BlackTeam "ARG"]
[WhiteClock "0:00:00"]
[BlackClock "0:00:17"]

1. e4 e5 2. Nf3 Nc6 3. c3 Nf6 4. d4 exd4 5. e5 Ne4 6. cxd4 d5 7. Be2 Bb4+ 8. Nbd2 Bg4 9. O-O O-O 10. Nb3 f6 11. exf6 Qxf6 12. Be3 Rae8 13. Rc1 Bd6 14. Nc5 Bxf3 15. Bxf3 Qh4 16. h3 Ng5 17. Bg4 Rxe3 18. fxe3 Rxf1+ 19. Qxf1 Qg3 20. Rc3 Qh2+ 21. Kf2 Bxc5 22. Rxc5 h5 23. Rxd5 Ne4+ 24. Ke1 Qg3+ 25. Kd1 hxg4 26. Qe2 gxh3 27. gxh3 Qg1+ 28. Qe1 Qg2 29. Rd7 Qxb2 30. Rxc7 Nc3+ 31. Qxc3 Qxc3 32. Ke2 Qc2+ 33. Kf3 Qxa2 34. d5 Qxd5+ 35. e4 Ne5+ 36. Kf4 Qd6 37. Rxb7 a5 38. Kf5 a4 39. Kf4 a3 40. Ra7 Qf6+ 41. Ke3 Nc4+ 42. Kd3 Qc6 43. Ra4 Qxa4 0-1

[Event "January 9 Late 2024"]
[Site "https://www.chess.com"]
[Date "2024.01.09"]
[Round "3"]
[White "Hamitevici, Vladimir"]
[Black "Kostiukov, Alexandr"]
[Result "1-0"]
[Board "192"]
[TimeControl "180+1"]
[WhiteFideId "13902393"]
[BlackFideId "14108100"]
[WhiteElo "2598"]
[BlackElo "2286"]
[WhiteTeam "MDA"]
[BlackTeam "UKR"]
[WhiteClock "0:01:49"]
[BlackClock "0:00:00"]

1. b4 Nf6 2. Nf3 g6 3. Bb2 Bg7 4. e3 d5 5. c4 O-O 6. Nc3 c6 7. d4 Na6 8. a3 Nc7 9. Qb3 Be6 10. c5 Bg4 11. Ne5 Bf5 12. h3 h5 13. b5 Nd7 14. bxc6 Nxe5 15. cxb7 Nd3+ 16. Bxd3 Bxd3 17. bxa8=Q Qxa8 18. Nxd5 Qxd5 19. Qxd3 Qxg2 20. Ke2 Qd5 21. e4 Qb7 22. Bc3 Ne6 23. Qe3 Qb5+ 24. Kf3 Kh7 25. Rhb1 Qd7 26. d5 Nd8 27. Bxg7 Kxg7 28. Kg2 e6 29. c6 Qd6 30. Rd1 exd5 31. Qc3+ Kh7 32. exd5 f5 33. c7 Nb7 34. c8=Q Rxc8 35. Qxc8 Nc5 36. Rac1 1-0

[Event "January 9 Late 2024"]
[Site "https://www.chess.com"]
[Date "2024.01.09"]
[Round "3"]
[White "Dilmukhametov, Artur"]
[Black "Kashefi, Amir Hosein"]
[Result "1-0"]
[Board "193"]
[TimeControl "180+1"]
[WhiteFideId "24179922"]
[BlackFideId "12557935"]
[WhiteElo "2278"]
[BlackElo "2566"]
[WhiteTeam "RUS"]
[BlackTeam "IRI"]
[WhiteClock "0:01:23"]
[BlackClock "0:01:01"]

1. e4 c5 2. Nf3 d6 3. Bb5+ Bd7 4. Bxd7+ Qxd7 5. O-O Nc6 6. c3 Nf6 7. d4 cxd4 8. cxd4 Nxe4 9. d5 Ne5 10. Re1 Nxf3+ 11. Qxf3 Nf6 12. Nc3 O-O-O 13. Be3 Kb8 14. Qe2 e5 15. dxe6 fxe6 16. a4 a6 17. a5 d5 18. Na4 Bb4 19. Bf4+ Ka7 20. Nb6 Qb5 21. Qxb5 axb5 22. Rxe6 Rhe8 23. Rxe8 Rxe8 24. Be3 Ka6 25. Bd4 Rd8 26. Kf1 Ne4 27. Ke2 g6 28. f3 Nd6 29. Nxd5 Re8+ 30. Kd3 1-0

[Event "January 9 Late 2024"]
[Site "https://www.chess.com"]
[Date "2024.01.09"]
[Round "3"]
[White "Uz, Kagan"]
[Black "Coelho, Ramyres Santana"]
[Result "1-0"]
[Board "194"]
[TimeControl "180+1"]
[WhiteFideId "30986680"]
[BlackFideId "2120690"]
[WhiteElo "2556"]
[BlackElo "2269"]
[WhiteTeam "USA"]
[BlackTeam "BRA"]
[WhiteClock "0:00:24"]
[BlackClock "0:00:56"]

1. e4 c5 2. Nf3 d6 3. d4 cxd4 4. Nxd4 Nf6 5. Nc3 a6 6. Bc4 e6 7. Bb3 Be7 8. g4 O-O 9. g5 Ne8 10. f4 Nc6 11. Be3 Nxd4 12. Bxd4 b5 13. Qh5 b4 14. Ne2 Bb7 15. Ng3 d5 16. O-O-O a5 17. exd5 Bxd5 18. Bxd5 Qxd5 19. Kb1 Qc6 20. f5 g6 21. Qh6 exf5 22. Nxf5 Qb7 23. Nxe7+ Qxe7 24. Rhe1 Qd7 25. Rxe8 Qxd4 26. Qxf8# 1-0

[Event "January 9 Late 2024"]
[Site "https://www.chess.com"]
[Date "2024.01.09"]
[Round "3"]
[White "Kujawski, Adam"]
[Black "Coca Cubillos, Jesus Alberto"]
[Result "1/2-1/2"]
[Board "195"]
[TimeControl "180+1"]
[WhiteFideId "1100920"]
[BlackFideId "4462912"]
[WhiteElo "2268"]
[BlackElo "2544"]
[WhiteTeam "POL"]
[BlackTeam "COL"]
[WhiteClock "0:00:00"]
[BlackClock "0:01:25"]

1. e4 g6 2. d4 Bg7 3. Nc3 d6 4. h3 Nh6 5. Be3 f6 6. Qd2 Nf7 7. d5 O-O 8. f4 e5 9. dxe6 Bxe6 10. Nf3 Nc6 11. g4 f5 12. exf5 gxf5 13. g5 d5 14. O-O-O Qd7 15. Nxd5 Rad8 16. Nf6+ Bxf6 17. Qxd7 Bxb2+ 18. Kxb2 Bxd7 19. Bc4 a6 20. a3 Rfe8 21. Rhe1 Kg7 22. Bd2 Nd6 23. Bc3+ Kg6 24. Bb3 Ne4 25. Be5 Bc8 26. Bxc7 Rxd1 27. Rxd1 h6 28. Ne5+ Nxe5 29. fxe5 hxg5 30. Rd8 Rxd8 31. Bxd8 Bd7 32. e6 Be8 33. e7 Nf2 34. Bd5 Nxh3 35. Bxb7 a5 36. Bxa5 f4 37. Kc3 g4 38. Bc7 f3 39. Bg3 Kf6 40. Kd3 Kxe7 41. Ke3 Ba4 42. Bc8 Bd7 43. Bxd7 Kxd7 44. a4 Kc6 45. c4 Ng5 46. Kf4 Nh3+ 47. Kxg4 f2 48. Bxf2 Nxf2+ 49. Kf3 Nd3 50. Ke4 Nb2 51. a5 Nxc4 52. Kd4 Nd6 1/2-1/2

[Event "January 9 Late 2024"]
[Site "https://www.chess.com"]
[Date "2024.01.09"]
[Round "3"]
[White "Aggelis, Nikolaos"]
[Black "Sami, Sama"]
[Result "1-0"]
[Board "196"]
[TimeControl "180+1"]
[WhiteFideId "4213220"]
[BlackFideId "4802926"]
[WhiteElo "2535"]
[BlackElo "2264"]
[WhiteTeam "GRE"]
[BlackTeam "IRQ"]
[WhiteClock "0:00:09"]
[BlackClock "0:00:00"]

1. Nf3 d5 2. c4 d4 3. d3 Nc6 4. g3 e5 5. Bg2 Bb4+ 6. Bd2 a5 7. O-O Nf6 8. a3 Bd6 9. Bg5 h6 10. Bxf6 Qxf6 11. Nbd2 Bf5 12. Nh4 Bh7 13. Ne4 Qe7 14. Nxd6+ Qxd6 15. Qa4 O-O 16. Qb5 Nd8 17. c5 Qa6 18. Qb3 c6 19. Bh3 Qb5 20. Qc2 Ne6 21. Rfc1 g5 22. Nf3 e4 23. dxe4 Rad8 24. Bf5 Rfe8 25. Bxh7+ Kxh7 26. Ne5 Kg7 27. Nd3 Nc7 28. e5 Re6 29. b4 axb4 30. axb4 Na6 31. Ra5 Nxb4 32. Rxb5 Nxc2 33. Rxb7 Na3 34. Ra1 Nc4 35. Raa7 Rf8 36. f4 gxf4 37. gxf4 Kg6 38. Rc7 f6 39. exf6 Rfxf6 40. Kf2 Re3 41. Rg7+ Kh5 42. Rad7 Re4 43. Kf3 Re3+ 44. Kf2 Re4 45. Rg3 Ne5 46. Nxe5 Rxe5 47. Rf3 Ref5 48. e3 dxe3+ 49. Kxe3 Rxc5 50. Kf2 Kg6 51. Rg3+ Kf5 52. Rf3 Rc4 53. Ke3 Rc3+ 54. Kf2 Rxf3+ 55. Kxf3 Re6 56. Rh7 Kg6 57. Rc7 Kf6 58. Kg4 Re4 59. Rxc6+ Kg7 60. Kf5 Re2 61. Rc7+ Kg8 62. h4 Rh2 63. Kg6 Kf8 64. h5 Ke8 65. Kxh6 Kf8 66. f5 Rf2 67. Kg6 Rg2+ 68. Kf6 Kg8 69. h6 Kh8 70. h7 1-0

[Event "January 9 Late 2024"]
[Site "https://www.chess.com"]
[Date "2024.01.09"]
[Round "3"]
[White "Romero Ruscalleda, Josep"]
[Black "Smiech, Sara"]
[Result "0-1"]
[Board "197"]
[TimeControl "180+1"]
[WhiteFideId "2231859"]
[BlackFideId "91102863"]
[WhiteElo "2261"]
[BlackElo "2533"]
[WhiteTeam "ESP"]
[BlackTeam "POL"]
[WhiteClock "0:01:10"]
[BlackClock "0:01:49"]

1. e4 c5 2. c3 g6 3. d4 cxd4 4. cxd4 d5 5. Nc3 dxe4 6. Bc4 e6 7. d5 Bg7 8. Qb3 Nf6 9. dxe6 O-O 10. exf7+ Kh8 11. Be3 Nc6 12. Rd1 Qc7 13. Qc2 Ne5 14. Be2 Bf5 15. h3 Qxf7 16. Bd4 Nd3+ 17. Bxd3 exd3 18. Qd2 Rae8+ 19. Be3 Bh6 20. Nf3 Ne4 21. Nxe4 Bxe4 22. Bxh6 Bxf3+ 23. Kf1 Bxd1 24. Qxd1 Re2 25. Kg1 Qxf2+ 0-1

[Event "January 9 Late 2024"]
[Site "https://www.chess.com"]
[Date "2024.01.09"]
[Round "3"]
[White "Soderstrom, Adrian"]
[Black "Bazzano, Sebastian"]
[Result "0-1"]
[Board "198"]
[TimeControl "180+1"]
[WhiteFideId "1745786"]
[BlackFideId "104566"]
[WhiteElo "2520"]
[BlackElo "2254"]
[WhiteTeam "SWE"]
[BlackTeam "ARG"]
[WhiteClock "0:01:04"]
[BlackClock "0:00:49"]

1. e4 e6 2. d4 d5 3. Nc3 dxe4 4. Nxe4 Bd7 5. Bd3 Bc6 6. Nf3 Bxe4 7. Bxe4 c6 8. O-O Nf6 9. Bd3 Bd6 10. Qe2 Nbd7 11. Ne5 O-O 12. Bg5 Qc7 13. f4 Rfe8 14. Rf3 c5 15. Nxd7 Nxd7 16. Rh3 g6 17. Qf2 Nf8 18. Qh4 cxd4 19. Qh6 Be7 20. Rf1 Bxg5 21. fxg5 e5 22. Rhf3 Re7 23. Be4 Rd8 24. Qh3 Ne6 25. Rxf7 Nxg5 26. Rxe7 Nxh3+ 27. gxh3 Qxe7 28. Rf3 Rf8 29. Bd5+ Kg7 30. Rg3 d3 31. cxd3 Qc5+ 32. d4 Qxd4+ 33. Re3 Qxe3+ 34. Kh1 Rf1+ 35. Kg2 Rg1# 0-1

[Event "January 9 Late 2024"]
[Site "https://www.chess.com"]
[Date "2024.01.09"]
[Round "3"]
[White "Palencia Morales, Wilson Guillermo"]
[Black "Eggleston, Thomas A"]
[Result "1-0"]
[Board "199"]
[TimeControl "180+1"]
[WhiteFideId "4401859"]
[BlackFideId "412139"]
[WhiteElo "2516"]
[BlackElo "2253"]
[WhiteTeam "COL"]
[BlackTeam "ENG"]
[WhiteClock "0:00:34"]
[BlackClock "0:00:00"]

1. d4 e6 2. Nf3 f5 3. g3 Nf6 4. Bg2 Be7 5. O-O O-O 6. c4 d6 7. Nc3 Ne4 8. Qc2 Nxc3 9. Qxc3 a5 10. b3 Nc6 11. Bb2 Bf6 12. Rad1 Qe8 13. a3 e5 14. dxe5 dxe5 15. Qc2 g5 16. e3 Be6 17. Rd2 Qh5 18. Ne1 e4 19. f4 g4 20. Rff2 Rae8 21. Bxf6 Rxf6 22. Qc3 Rh6 23. Bf1 b6 24. Nc2 Qf7 25. b4 axb4 26. axb4 Qg7 27. Nd4 Nxd4 28. Qxd4 Qxd4 29. Rxd4 Ra8 30. Rfd2 Rf6 31. c5 bxc5 32. bxc5 Rff8 33. Bc4 Bxc4 34. Rxc4 Ra1+ 35. Kg2 Rb8 36. h3 h5 37. hxg4 hxg4 38. Rcd4 Kf7 39. Rd7+ Ke6 40. Rxc7 Ra6 41. Rcd7 Rb3 42. R7d6+ Rxd6 43. Rxd6+ Ke7 44. Kf2 Rc3 45. Rd5 Ke6 46. Re5+ Kf6 47. Ke2 Rc2+ 48. Kd1 Rc3 49. Kd2 Rd3+ 50. Kc2 Rxe3 51. c6 Re2+ 52. Kd1 Ra2 53. Rd5 Ra6 54. Rc5 Ra8 55. c7 Rc8 56. Ke2 Ke6 57. Ke3 Kd6 58. Rxf5 Rxc7 59. Kxe4 Rc3 60. Rd5+ Kc6 61. Rd3 Rc4+ 62. Kf5 Rc5+ 63. Kxg4 1-0

[Event "January 9 Late 2024"]
[Site "https://www.chess.com"]
[Date "2024.01.10"]
[Round "3"]
[White "Senft, Sean"]
[Black "Vargas Rodriguez, Wilver"]
[Result "1-0"]
[Board "200"]
[TimeControl "180+1"]
[WhiteFideId "2044960"]
[BlackFideId "3509672"]
[WhiteElo "2514"]
[BlackElo "2252"]
[WhiteTeam "USA"]
[BlackTeam "CUB"]
[WhiteClock "0:02:00"]
[BlackClock "0:01:13"]

1. d4 Nf6 2. c4 c5 3. d5 b5 4. Qc2 g6 5. e4 d6 6. f4 bxc4 7. Nf3 Bg7 8. Bxc4 O-O 9. O-O Ba6 10. Bxa6 Nxa6 11. Nc3 Nb4 12. Qe2 e6 13. a3 Nxe4 14. Qxe4 Bxc3 15. axb4 Bxb4 16. dxe6 Qf6 17. f5 gxf5 18. exf7+ Rxf7 19. Qd5 Re8 20. Rxa7 1-0

[Event "January 9 Late 2024"]
[Site "https://www.chess.com"]
[Date "2024.01.09"]
[Round "3"]
[White "Salman, Ilhan Serhat"]
[Black "Hernandez Jimenez, Alexander Andres"]
[Result "1-0"]
[Board "201"]
[TimeControl "180+1"]
[WhiteFideId "6361579"]
[BlackFideId "3900452"]
[WhiteElo "2509"]
[BlackElo "2244"]
[WhiteTeam "TUR"]
[BlackTeam "VEN"]
[WhiteClock "0:00:22"]
[BlackClock "0:00:00"]

1. b3 d5 2. Bb2 c6 3. e3 Nf6 4. Nf3 e6 5. c4 Be7 6. Be2 O-O 7. O-O a5 8. Nc3 Na6 9. Rc1 b6 10. d4 Bb7 11. cxd5 cxd5 12. Ne5 Rc8 13. Qd2 Nb4 14. a3 Nc6 15. Nxc6 Rxc6 16. Rc2 Qb8 17. Rfc1 Rfc8 18. Bb5 R6c7 19. h3 Bc6 20. Ba6 Bb7 21. Bd3 Ne4 22. Bxe4 dxe4 23. Nb5 Rxc2 24. Rxc2 Bd5 25. Qd1 f5 26. Qc1 Rxc2 27. Qxc2 Kf7 28. Qc3 Qb7 29. Nc7 Bc6 30. d5 Bf6 31. Qxc6 Qxc6 32. dxc6 Bxb2 33. Na8 Ke7 34. a4 Kd6 35. c7 Kd7 36. c8=Q+ Kxc8 37. Nxb6+ Kc7 38. Nc4 Bc3 39. Kf1 Kc6 40. Ke2 Kc5 41. Kd1 Kb4 42. Kc2 Be1 43. f3 exf3 44. gxf3 g5 45. Ne5 Bg3 46. Nc6+ Kc5 47. Nd4 Bf2 48. Nxe6+ Kd6 49. Nxg5 Bxe3 50. Nxh7 Bh6 51. h4 Ke5 52. Kd3 Kf4 53. Nf6 Kxf3 54. h5 Kf4 55. Ng8 Bg7 56. h6 Bh8 57. h7 Ke5 58. Nh6 Kf6 59. Ke3 Kg6 60. Ng8 Kxh7 61. Ne7 Kg7 62. Nxf5+ Kf6 63. Nd4 Ke7 64. Nc6+ Kd6 65. Nxa5 Kc5 66. Kd3 Kb4 67. Nc6+ Kxb3 68. a5 1-0

[Event "January 9 Late 2024"]
[Site "https://www.chess.com"]
[Date "2024.01.09"]
[Round "3"]
[White "Santos Flores, Alberto"]
[Black "Rose, Felix"]
[Result "1-0"]
[Board "202"]
[TimeControl "180+1"]
[WhiteFideId "3601234"]
[BlackFideId "5105722"]
[WhiteElo "2495"]
[BlackElo "2244"]
[WhiteTeam "ECU"]
[BlackTeam "MEX"]
[WhiteClock "0:01:09"]
[BlackClock "0:00:00"]

1. e4 e5 2. Nf3 Nc6 3. Bc4 Nf6 4. d3 Bc5 5. c3 d6 6. Bb3 a5 7. O-O Ba7 8. Nbd2 O-O 9. h3 Ne7 10. Re1 Ng6 11. Nf1 c6 12. Ng3 Re8 13. Ng5 Re7 14. Nf5 Bxf5 15. exf5 Nf8 16. Ne4 Nxe4 17. dxe4 Kh8 18. Qh5 f6 19. g4 d5 20. exd5 cxd5 21. g5 a4 22. Bc2 d4 23. cxd4 exd4 24. Bf4 Rxe1+ 25. Rxe1 d3 26. Bb1 d2 27. Rd1 Qd4 28. Be3 Qxb2 29. Bxa7 Rxa7 30. Qe8 Kg8 31. g6 Qb4 32. Bd3 b5 33. Bxb5 hxg6 34. fxg6 Re7 35. Bc4+ Qxc4 36. Qxe7 1-0

[Event "January 9 Late 2024"]
[Site "https://www.chess.com"]
[Date "2024.01.09"]
[Round "3"]
[White "Boder, Jan"]
[Black "Mosquera, Miguel"]
[Result "1-0"]
[Board "203"]
[TimeControl "180+1"]
[WhiteFideId "16243226"]
[BlackFideId "4401131"]
[WhiteElo "2244"]
[BlackElo "2489"]
[WhiteTeam "GER"]
[BlackTeam "COL"]
[WhiteClock "0:00:27"]
[BlackClock "0:00:00"]

1. c4 e5 2. g3 Nf6 3. Bg2 c6 4. d4 e4 5. d5 cxd5 6. cxd5 Bb4+ 7. Bd2 Bd6 8. Nc3 Qe7 9. Nh3 h6 10. Qc2 O-O 11. Nxe4 Nxe4 12. Qxe4 Qxe4 13. Bxe4 Na6 14. O-O Nc5 15. Bc2 Re8 16. Rfe1 b6 17. b4 Na6 18. a3 Bb7 19. e4 Nc7 20. f4 a5 21. e5 Bf8 22. d6 Nb5 23. Bd3 Nd4 24. Be3 Nf3+ 25. Kf2 Nxe1 26. Rxe1 axb4 27. axb4 Ra3 28. Be2 Bxd6 29. Bc1 Bxb4 30. Bxa3 Bxa3 31. Bf3 Ba6 32. Rd1 Rd8 33. Kg2 Bc5 34. f5 Kf8 35. Nf4 Bc4 36. Rc1 b5 37. Bd5 Be3 38. Rc2 Bxf4 39. Bxc4 Bxe5 40. Bxb5 Ke7 41. g4 Kf6 42. Rd2 d6 43. Ra2 Rb8 44. Bc4 Rb7 45. Ra8 Rc7 46. Bd5 Kg5 47. h3 Rc2+ 48. Kf1 Rc7 49. Rf8 Kh4 50. Bxf7 Kxh3 51. Bh5 Kh4 52. Ke2 Kg5 53. Kd3 Ra7 54. Ke4 Ra5 55. Rd8 Ra4+ 56. Kd5 Rd4+ 57. Ke6 Rxg4 58. Bxg4 Kxg4 59. Ra8 h5 60. Ra4+ Bf4 61. Ra1 h4 62. Rg1+ Bg3 63. Kf7 Kxf5 64. Kxg7 Kg4 65. Kf6 h3 66. Ke6 h2 67. Rf1 Kh3 68. Ra1 Kg2 69. Ra2+ Kh3 70. Ra1 Be5 71. Rd1 Kg2 72. Rd2+ Kh3 73. Rd3+ Bg3 74. Rd1 Kg2 75. Rd2+ Bf2 76. Rxd6 h1=Q 77. Kd7 Kf1 78. Rd1+ Be1 79. Rd6 Qh7+ 80. Kc6 Qe4+ 81. Kd7 Bf2 82. Re6 Bd4 83. Rxe4 Bf2 84. Ke6 Kg2 85. Kf5 Kf3 86. Rf4+ Kg3 87. Ra4 Kg2 88. Ra2 Kg1 89. Kg4 Bb6 90. Kf3 Kh1 91. Ra1+ Bg1 92. Rb1 Kh2 93. Rb2+ Kh1 94. Kg3 Ba7 95. Rh2+ Kg1 96. Ra2 1-0

[Event "January 9 Late 2024"]
[Site "https://www.chess.com"]
[Date "2024.01.09"]
[Round "3"]
[White "D`Arruda, Ricardo D."]
[Black "Rodriguez Dominguez, Melissa"]
[Result "1-0"]
[Board "204"]
[TimeControl "180+1"]
[WhiteFideId "100692"]
[BlackFideId "3517560"]
[WhiteElo "2485"]
[BlackElo "2244"]
[WhiteTeam "ARG"]
[BlackTeam "CUB"]
[WhiteClock "0:00:25"]
[BlackClock "0:00:12"]

1. d4 d5 2. Nf3 Nf6 3. c4 c6 4. e3 e6 5. Nc3 Nbd7 6. Bd3 Bd6 7. O-O O-O 8. e4 dxe4 9. Nxe4 Nxe4 10. Bxe4 h6 11. Bc2 e5 12. Qd3 f5 13. dxe5 Nxe5 14. Qc3 Nxf3+ 15. Qxf3 Qh4 16. g3 Qf6 17. Rd1 Be5 18. Rb1 Be6 19. b3 Rad8 20. Bf4 Bxf4 21. Qxf4 g5 22. Qe3 Rfe8 23. Rxd8 Qxd8 24. Qxa7 Qd2 25. Qxb7 Qxc2 26. Re1 Qd2 27. Re5 Qd1+ 28. Kg2 Bd5+ 29. cxd5 Rxe5 30. Qb8+ Kf7 31. Qxe5 cxd5 32. Qxf5+ Kg7 33. Qe5+ Kf7 34. b4 d4 35. Qe4 d3 36. Qf3+ Qxf3+ 37. Kxf3 Ke6 38. Ke3 1-0

[Event "January 9 Late 2024"]
[Site "https://www.chess.com"]
[Date "2024.01.09"]
[Round "3"]
[White "Chemin, Justo Reinaldo"]
[Black "Hungaski, Robert"]
[Result "0-1"]
[Board "205"]
[TimeControl "180+1"]
[WhiteFideId "2101580"]
[BlackFideId "2021030"]
[WhiteElo "2234"]
[BlackElo "2478"]
[WhiteTeam "BRA"]
[BlackTeam "USA"]
[WhiteClock "0:00:08"]
[BlackClock "0:00:34"]

1. e4 e5 2. Nf3 Nc6 3. Bb5 Nd4 4. Bc4 Nxf3+ 5. Qxf3 Qf6 6. Qxf6 Nxf6 7. d3 c6 8. Nc3 Bb4 9. Bd2 d6 10. a3 Ba5 11. b4 Bc7 12. O-O b5 13. Bb3 a5 14. f4 a4 15. Ba2 Bb6+ 16. Kh1 Be6 17. Bxe6 fxe6 18. fxe5 dxe5 19. h3 O-O 20. Rf3 Nh5 21. Kh2 Rxf3 22. gxf3 Rf8 23. Rf1 Nf4 24. Bxf4 exf4 25. Ne2 e5 26. Rd1 Rd8 27. c3 Be3 28. d4 Kf7 29. Kg2 Ke6 30. Kf1 g5 31. Ke1 h5 32. dxe5 Bf2+ 33. Kxf2 Rxd1 34. Nd4+ Kxe5 35. Nxc6+ Kf6 36. Nd4 Rd2+ 37. Kf1 Rd3 38. Nxb5 Rxf3+ 39. Kg2 Re3 40. c4 g4 41. hxg4 hxg4 42. c5 Re2+ 43. Kf1 Rd2 44. Nd6 g3 45. e5+ Ke6 46. Ne4 g2+ 47. Kg1 Rc2 48. b5 Kxe5 49. Ng5 Kf5 50. Nf3 Kg4 51. Ne5+ Kg3 52. Nd3 Ra2 0-1

[Event "January 9 Late 2024"]
[Site "https://www.chess.com"]
[Date "2024.01.09"]
[Round "3"]
[White "Liu, Kelsey"]
[Black "Hollan, Petr"]
[Result "1-0"]
[Board "206"]
[TimeControl "180+1"]
[WhiteFideId "30944481"]
[BlackFideId "360945"]
[WhiteElo "2234"]
[BlackElo "2477"]
[WhiteTeam "USA"]
[BlackTeam "CZE"]
[WhiteClock "0:02:40"]
[BlackClock "0:02:35"]

1. Nf3 d5 2. g3 e6 3. Bg2 Nf6 4. O-O c5 5. c4 Nc6 6. cxd5 exd5 7. d4 Be7 8. dxc5 Bxc5 9. Nc3 O-O 10. Bg5 d4 11. Bxf6 Bd6 12. Bxd8 Bc5 13. Ne4 1-0

[Event "January 9 Late 2024"]
[Site "https://www.chess.com"]
[Date "2024.01.10"]
[Round "3"]
[White "Czerw, Dawid"]
[Black "Wang, Alexander J"]
[Result "1-0"]
[Board "207"]
[TimeControl "180+1"]
[WhiteFideId "1145746"]
[BlackFideId "30955270"]
[WhiteElo "2473"]
[BlackElo "2228"]
[WhiteTeam "POL"]
[BlackTeam "USA"]
[WhiteClock "0:01:50"]
[BlackClock "0:01:40"]

1. e4 c5 2. Be2 d6 3. f4 Nc6 4. Nf3 g6 5. O-O Bg7 6. d3 Nf6 7. c3 O-O 8. Kh1 e5 9. Be3 b6 10. Nbd2 Bb7 11. Qe1 Nd7 12. f5 f6 13. g4 g5 14. h4 h6 15. Kg2 Rf7 16. Rh1 Kf8 17. Rh3 Ke7 18. Qg3 Qf8 19. hxg5 hxg5 20. Bxg5 fxg5 21. Nxg5 Bf6 22. Nxf7 Qxf7 23. g5 Rg8 24. g6 Qf8 25. Rah1 Rh8 26. Rh7+ Bg7 27. Qh4+ Nf6 28. Rxh8 Bxh8 29. Qxh8 Qxh8 30. Rxh8 1-0

[Event "January 9 Late 2024"]
[Site "https://www.chess.com"]
[Date "2024.01.09"]
[Round "3"]
[White "Jose Iraeta, Alejandro"]
[Black "Sukandar, Irine Kharisma"]
[Result "1-0"]
[Board "208"]
[TimeControl "180+1"]
[WhiteFideId "2226537"]
[BlackFideId "7101937"]
[WhiteElo "2222"]
[BlackElo "2450"]
[WhiteTeam "ESP"]
[BlackTeam "INA"]
[WhiteClock "0:00:04"]
[BlackClock "0:00:00"]

1. e4 c5 2. Nf3 Nc6 3. d4 cxd4 4. Nxd4 g6 5. Nc3 Bg7 6. Be3 Nf6 7. f3 O-O 8. Qd2 d5 9. O-O-O dxe4 10. Nxc6 Qxd2+ 11. Bxd2 bxc6 12. fxe4 Ng4 13. Re1 Be6 14. h3 Ne5 15. Be2 Bc4 16. b3 Be6 17. Na4 Rfd8 18. Bc3 Bc8 19. Kb2 Rb8 20. Nc5 h5 21. Rd1 Be6 22. Nxe6 fxe6 23. Rhf1 Bf6 24. Kb1 Kg7 25. Bxe5 Bxe5 26. Bc4 Rd6 27. Rxd6 exd6 28. Bxe6 Rb7 29. Bc4 Re7 30. Bd3 a5 31. Kc1 a4 32. Kd2 a3 33. c3 Bf6 34. Kc2 Re5 35. Rf2 Bh4 36. Re2 Bf6 37. Rf2 Rc5 38. c4 Re5 39. Re2 Bh4 40. Kd2 Bg5+ 41. Kc2 Bf6 42. Re3 Rg5 43. Re2 Rg3 44. Kd2 Bg5+ 45. Kc2 Bf6 46. Kd2 c5 47. Kc2 Bd4 48. Kd2 Kf6 49. Kc2 Ke5 50. Kd2 Bb2 51. Bc2 Bc3+ 52. Kd1 Rg5 53. Rf2 Kd4 54. Re2 1-0

[Event "January 9 Late 2024"]
[Site "https://www.chess.com"]
[Date "2024.01.09"]
[Round "3"]
[White "Gonzalez Vega, Alejandro"]
[Black "Balla, Tamas-Kristof"]
[Result "1-0"]
[Board "209"]
[TimeControl "180+1"]
[WhiteFideId "3510042"]
[BlackFideId "1208497"]
[WhiteElo "2221"]
[BlackElo "2449"]
[WhiteTeam "CUB"]
[BlackTeam "ROU"]
[WhiteClock "0:00:10"]
[BlackClock "0:00:10"]

1. e4 c5 2. Nf3 Nc6 3. d4 cxd4 4. c3 Nf6 5. e5 Nd5 6. cxd4 d6 7. exd6 e6 8. Nc3 Bxd6 9. Bd3 h6 10. a3 O-O 11. O-O b6 12. Re1 Bb7 13. Bc2 Nf6 14. Qd3 Ne7 15. Bd2 Nf5 16. Be3 Bxf3 17. gxf3 Nh4 18. Bd2 Qc7 19. h3 Bh2+ 20. Kh1 Bf4 21. Rad1 Bxd2 22. Rxd2 Rad8 23. Ne4 Nd5 24. Rg1 Nf5 25. Ng3 Nf4 26. Qe4 Nxg3+ 27. Rxg3 f5 28. Qe3 Kh8 29. Bb3 e5 30. d5 Qc1+ 31. Rg1 Qc7 32. Rg3 Qd6 33. h4 Qf6 34. Kg1 Qxh4 35. Qxe5 Nh3+ 36. Kg2 Ng5 37. f4 Rde8 38. Qd4 Re4 39. Qc3 Rxf4 40. d6 Rxf2+ 41. Rxf2 Ne4 42. Qxg7# 1-0

[Event "January 9 Late 2024"]
[Site "https://www.chess.com"]
[Date "2024.01.09"]
[Round "3"]
[White "Garcia Correa, Jose Ricardo"]
[Black "Peycheva, Gergana"]
[Result "0-1"]
[Board "210"]
[TimeControl "180+1"]
[WhiteFideId "5101832"]
[BlackFideId "2916711"]
[WhiteElo "2219"]
[BlackElo "2445"]
[WhiteTeam "MEX"]
[BlackTeam "BUL"]
[WhiteClock "0:01:07"]
[BlackClock "0:00:09"]

1. e4 c5 2. Nf3 Nc6 3. d4 cxd4 4. Nxd4 g6 5. Nxc6 bxc6 6. Qd4 Nf6 7. e5 Ng8 8. e6 f6 9. exd7+ Bxd7 10. Nc3 Bg7 11. Bc4 e5 12. Qd6 Qe7 13. Qc7 Qc5 14. Bb3 Rc8 15. Qb7 Qb6 16. Ne4 Qxb7 17. Nd6+ Ke7 18. Nxb7 c5 19. Bc4 Bc6 20. Na5 Bxg2 21. Rg1 Be4 22. Be3 f5 23. Nb7 Bxb7 24. O-O-O Nf6 25. f4 Ng4 26. Bd2 exf4 27. Bxf4 Rhd8 28. h3 Rxd1+ 29. Rxd1 Nf2 30. Re1+ Ne4 31. h4 Bf6 32. h5 g5 33. Be3 f4 34. Bd2 Kf8 35. Ba5 f3 36. Bd3 f2 37. Rf1 Bd4 38. Kd1 Ng3 39. c3 Bf3+ 40. Kc2 Nxf1 41. Bxf1 Be3 42. Kd3 Re8 43. Kc4 g4 44. Bc7 Bf4 45. Bxf4 Re4+ 46. Kd3 Rxf4 47. Ke3 Rf6 48. Kxf2 Bd5+ 49. Kg1 Bxa2 50. Be2 Be6 51. Kh2 Rf2+ 52. Kg3 Rxe2 53. b4 Re3+ 54. Kf4 Rxc3 55. Ke5 cxb4 56. Kxe6 b3 57. Ke5 b2 58. Kd4 Rc1 59. h6 b1=Q 60. Ke5 Re1+ 61. Kf6 Qb6+ 62. Kg5 Qg6+ 63. Kf4 Rf1+ 64. Kg3 Qd6+ 65. Kg2 Rf3 66. Kg1 Qd1+ 67. Kg2 Qe2+ 0-1

[Event "January 9 Late 2024"]
[Site "https://www.chess.com"]
[Date "2024.01.09"]
[Round "3"]
[White "Svicevic, Rastko"]
[Black "Toktomushev, Teimur"]
[Result "0-1"]
[Board "211"]
[TimeControl "180+1"]
[WhiteFideId "916315"]
[BlackFideId "14176726"]
[WhiteElo "2216"]
[BlackElo "2443"]
[WhiteTeam "SRB"]
[BlackTeam "UKR"]
[WhiteClock "0:00:00"]
[BlackClock "0:00:04"]

1. d4 d5 2. Bg5 c5 3. e3 Nc6 4. c3 h6 5. Bh4 Qb6 6. b3 e5 7. dxe5 Be6 8. Nf3 g5 9. Bg3 O-O-O 10. Nbd2 Nge7 11. Bd3 Nf5 12. Bxf5 Bxf5 13. O-O Be7 14. Qe2 h5 15. h4 Bg4 16. Qd3 gxh4 17. Bxh4 Bxh4 18. Nxh4 Nxe5 19. Qc2 Qf6 20. g3 Rdg8 21. Kh2 Ng6 22. f3 Be6 23. Ng2 h4 24. g4 h3 25. Ne1 Qe5+ 26. f4 Qxe3 27. Qd3 Qxd3 28. Nxd3 Bxg4 29. Nxc5 Re8 30. Rf2 Nh4 31. Nd3 Ng2 32. Ne5 Bf5 33. Nxf7 Rhf8 34. Nd6+ Kd7 35. Nxe8 Rxe8 36. Nf3 Ne3 37. Nd4 Ng4+ 38. Kg3 Nxf2 39. Kxf2 Be4 40. Kg3 Rh8 41. Kh2 Rh4 42. Rf1 Ke7 43. Rf2 Kf6 44. Kg3 Rh8 45. Rh2 Bg2 46. Nf3 Re8 47. Ne5 Rxe5 48. fxe5+ Kxe5 49. Rxg2 hxg2 50. Kxg2 Ke4 51. Kf2 Kd3 52. c4 d4 0-1